 Dungeon Crawl Stone Soup version 0.29.1-2-gbd0b4ee654 (webtiles) character file.

Game seed: 12949928881215647211

16 MTVSty1e the Trooper (level 2, -3/19 HPs)
             Began as a Gargoyle Fighter on Oct 23, 2022.
             Slain by Sigmund
             ... wielding a +0 scythe
              (4 damage)
             ... on level 2 of the Dungeon.
             The game lasted 00:00:40 (1342 turns).

MTVSty1e the Trooper (Gargoyle Fighter)             Turns: 1342, Time: 00:00:41

Health: -3/19      AC:  9    Str: 19    XL:     2   Next: 58%
Magic:  2/2        EV:  9    Int:  8    God:
Gold:   65         SH:  4    Dex:  9    Spells: 1/1 levels left

rFire   . . .      SeeInvis .   a - +0 war axe
rCold   . . .      Faith    .   c - +0 buckler
rNeg    + . .      Spirit   .   b - +0 scale mail
rPois   ∞          Reflect  .   (no helmet)
rElec   +          Harm     .   (no cloak)
rCorr   .          Rampage  .   (no gloves)
Will    .....                   (no boots)
Stlth   ..........              (no amulet)
HPRegen 0.06/turn               (no ring)
MPRegen 0.08/turn               (no ring)

@: no status effects
A: sickness immunity, AC +2, negative energy resistance 1, electricity
resistance, torment resistance 1, petrification resistance
a: no special abilities


You were on level 2 of the Dungeon.
You visited 1 branch of the dungeon, and saw 2 of its levels.

You collected 65 gold pieces.

Inventory:

Hand Weapons
 a - a +0 war axe (weapon)
Armour
 b - a +0 scale mail (worn)
 c - a +0 buckler (worn)
Jewellery
 h - a +4 ring of evasion
Scrolls
 f - a scroll of poison {unknown}
 g - a scroll of butterflies {unknown}
Potions
 d - a potion of might
 e - 3 potions of haste {unknown}


   Skills:
 + Level 3.6 Fighting
 * Level 2.5 Axes
 - Level 3.2 Armour
 - Level 3.2 Shields


You had one spell level left.
You didn't know any spells.
Your spell library was empty.

Dungeon Overview and Level Annotations

Branches:
Dungeon (2/15)

Altars:
Hepliaklqana

Annotations:
D:2 Sigmund


Innate Abilities, Weirdness & Mutations

You are immune to sickness and miasma.
Your stone body is resilient. (AC +2)
You are immune to poison.
You resist negative energy. (rN+)
You are resistant to electric shocks. (rElec)
You are resistant to unholy torment.
You are immune to petrification.


Message History

You hit the hobgoblin.
You kill the hobgoblin!
The bat hits you but does no damage.
Sigmund the Dreaded comes into view.
He is wielding a +0 scythe and wearing a +2 robe of resistance.
Sigmund shouts!
The bat barely misses you.
You closely miss the bat. The bat barely misses you.
Sigmund gestures wildly while chanting.
Sigmund flickers and vanishes!
Deactivating autopickup; reactivate with Ctrl-A.
You slash the bat!
You kill the bat!
No target in view!
No target in view!
No target in view!
No target in view!
No target in view!
No target in view!
No target in view!
No target in view!
No target in view!
No target in view!
No target in view!
No target in view!
No target in view!
Something hits you!
Key pressed, stopping explore.
No target in view!
No target in view!
No target in view!
No target in view!
No target in view!
No target in view!
You start resting.
Something bites the bush but does no damage.
You start resting.
Something hits you.
You start resting.
Something hits you!
* * * LOW HITPOINT WARNING * * *
Something hits you.
You die...

#.............
#.............
#.............
########.###+### ....#
#...#.#### #P
###.######.#....#####...
...............>.......P
#.########.####........P
..# #.##...@......P ###
#.####........P ### #..
#........P ..# ###
#.#.##<##P ..# #.... ..
..# #..$.. .. ..#
#...!.. . ..# ........
..# #. ......


There were no monsters in sight!

Vanquished Creatures
  A ball python (D:2)
  3 endoplasms
  A giant cockroach (D:1)
  3 hobgoblins
  A kobold (D:1)
  3 bats
  A frilled lizard (D:2)
  A rat (D:1)
14 creatures vanquished.

Notes
Turn   | Place    | Note
-------+----------+-------------------------------------------
     0 | D:1      | MTVSty1e the Gargoyle Fighter began the quest for the Orb.
     0 | D:1      | Reached XP level 1. HP: 14/14 MP: 1/1
   409 | D:1      | Found a faded altar of an unknown god.
   646 | D:1      | Reached XP level 2. HP: 16/19 MP: 2/2
  1264 | D:2      | Found a hazy altar of Hepliaklqana.
  1333 | D:2      | Noticed Sigmund
  1342 | D:2      | Slain by Sigmund

Illustrated notes

Levels and vault maps discovered:
D:1:      dpeg_arrival_water_fire, layout_loops_corners, basic_ecumenical_altar
D:2:      layout_basic, basic_altar, serial_shops, nicolae_shop_statue_plus,
          minmay_hedge_maze, uniq_sigmund

Skill      XL: |  1 |
---------------+----+-----
Axes           | 2 |  2.5
Fighting       | |  3.6
Armour         | |  3.2
Shields        | |  3.2

Action                   || total
-------------------------++-------
Melee: War axe           ||    49
Armor: Scale mail        ||    42
Dodge: Dodged            ||    18
Block: Buckler           ||     9
